AoeStats
← MooseMooch

Arabia

508953276Analyzed
1v1 RM · 7d ago on Sep 24, 2026· 39m 0s· 2 players
Game mode
Random Map
Map size
Tiny (2 player)
Population
200
Speed
Normal
Resources
Standard
Victory
Conquest
Starting age
Dark Age
Ending age
Imperial Age
RankedLock teamsTeams togetherTeam positionsShared explorationLock speedFull tech treeHidden civsTurbo modeCheats
Victory
Defeat
🇩🇪 Huns · Germany
1218
+15
🇦🇷 Jurchens · Argentina
1202
-15
facu17a
7:13 Loom
9:38 Feudal Age
12:06 Double-Bit Axe
20:57 Castle Age
19:29 Fletching
20:59 Fletching
21:52 Wheelbarrow
21:58 Scale Barding Armor
23:32 Forging
26:59 Bloodlines
27:48 Husbandry
28:06 Horse Collar
30:44 Chain Barding Armor
31:47 Heavy Plow
33:15 Fervor
33:00 Town Watch
MooseMooch
5:56 Loom
8:27 Feudal Age
9:06 Double-Bit Axe
14:46 Fletching
19:37 Wheelbarrow
23:52 Castle Age
22:09 Horse Collar
22:45 Gold Mining
23:51 Bloodlines
24:41 Bodkin Arrow
24:57 Padded Archer Armor
24:58 Husbandry
25:13 Bow Saw
27:30 Ballistics
27:56 Leather Archer Armor
28:02 Thumb Ring
41:34 Imperial Age
Connection lost

Rejoining the realm…

Still unreachable

The connection could not be restored.

Session expired

The server has moved on; the page needs a fresh start.